 Dungeon Crawl Stone Soup version 0.27-a0-1555-g0e7b3fb1d2 (webtiles) character file.

Game seed: 12693362937087163062

141565 bigjeff5 the Tortoise (level 16, -4/151 HPs)
             Began as a Minotaur Berserker on July 13, 2021.
             Was an Elder of Trog.
             Slain by the 27-headed Lernaean hydra (6 damage)
             ... on level 4 of the Swamp on July 14, 2021.
             The game lasted 06:06:33 (27704 turns).

bigjeff5 the Tortoise (Minotaur Berserker)         Turns: 27704, Time: 06:06:33

Health: -4/151     AC: 16    Str: 24    XL:     16   Next: 78%
Magic:  24/24      EV: 18    Int:  4    God:    Trog [****..]
Gold:   4027       SH: 23    Dex: 17    Spells: 15/15 levels left

rFire    + . .     SeeInvis +   Z - +9 demon whip (vorpal)
rCold    . . .     Faith    .   b - +2 tower shield {reflect}
rNeg     + . .     Spirit   .   F - +0 swamp dragon scales
rPois    +         Reflect  +   (helmet unavailable)
rElec    .         Harm     .   Y - +0 cloak
rCorr    .         Rampage  .   d - +0 pair of gloves
Will     ++++.                  (no boots)
Stlth    ++........             k - amulet of regeneration
HPRegen  2.35/turn              D - ring of willpower
MPRegen  0.19/turn              n - ring of Beogh's Pride {rN+ MP+9 SInv}

@: strong-willed, regenerating
A: horns 3, retaliatory headbutt, thin skeletal structure 1, fire resistance 1,
subdued magic 1
a: Renounce Religion, Berserk, Trog's Hand, Brothers in Arms


You were on level 4 of the Swamp.
You worshipped Trog.
Trog was greatly pleased with you.
You visited 4 branches of the dungeon, and saw 27 of its levels.
You also visited: Ossuary and Gauntlet.

You collected 4437 gold pieces.
You spent 410 gold pieces at shops.

Inventory:

Hand Weapons
 r - a +4 vorpal morningstar
 Z - a +9 vorpal demon whip (weapon)
Missiles
 j - 8 throwing nets
 y - 6 curare-tipped darts
 C - 4 atropa-tipped darts
 O - 4 boomerangs of dispersal
 R - 7 silver javelins (quivered)
Armour
 b - a +2 tower shield of reflection (worn)
 d - a +0 pair of gloves (worn)
 p - a +3 scale mail of cold resistance
 s - the +7 plate armour of Yesterday {Dex+2}
   (You took it off a minotaur in a Gauntlet)

   Dex:       It affects your dexterity (+2).
 F - +0 swamp dragon scales (worn)
 U - a +2 plate armour of fire resistance
 Y - a +0 cloak (worn)
Jewellery
 k - an amulet of regeneration (around neck)
 n - the ring of Beogh's Pride (right hand) {rN+ MP+9 SInv}
   (You acquired it on level 6 of the Lair of Beasts)

   [ring of magical power]

   rN:        It protects you from negative energy.
   MP:        It affects your magic capacity (+9).
   SInv:      It lets you see invisible.
 D - a ring of willpower (left hand)
 G - a ring of flight
 H - the amulet of the Establishment {Spirit Str+2}
   (You found it on level 2 of the Swamp)

   [amulet of guardian spirit]

   It causes incoming damage to be divided between your reserves of health and
   magic.
   Str:       It affects your strength (+2).
 J - a +6 ring of dexterity
Wands
 q - a wand of digging (14)
 z - a wand of mindburst (11)
 E - a wand of iceblast (40)
 M - a wand of polymorph (17)
 X - a wand of paralysis (10)
Scrolls
 i - 7 scrolls of blinking
 m - 4 scrolls of holy word
 o - 5 scrolls of enchant armour
 v - a scroll of fear {unknown}
 w - 9 scrolls of teleportation
 A - 4 scrolls of immolation
 I - a scroll of identify
 P - 3 scrolls of magic mapping
 Q - 3 scrolls of vulnerability
 V - 6 scrolls of fog
Potions
 c - 2 potions of haste
 f - 6 potions of flight
 g - 5 potions of lignification
 h - 3 potions of resistance
 l - 2 potions of invisibility
 t - 2 potions of attraction
 u - a potion of ambrosia
 x - 9 potions of curing
 B - 5 potions of might
 W - 2 potions of cancellation
Miscellaneous
 L - a phial of floods


   Skills:
 + Level 16.2 Fighting
 - Level 12.0 Maces & Flails
 - Level 6.0 Throwing
 + Level 18.0 Armour
 + Level 14.9 Dodging
 + Level 15.9 Shields


You had 15 spell levels left.
You didn't know any spells.
Your spell library was empty.

Dungeon Overview and Level Annotations

Branches:
Dungeon (15/15)            Temple (0/1) D:5            Lair (6/6) D:10
  Swamp (4/4) Lair:4        Snake (0/4) Lair:3        Slime (0/5) Lair:5
    Orc (2/2) D:10            Elf (0/3) Orc:2        Vaults (0/5) D:13
 Depths (0/5) D:15        Ossuary (visited)         Gauntlet (visited)

Altars:
Ashenzari
Cheibriados
Elyvilon
Makhleb
Okawaru
Sif Muna
Wu Jian
Yredelemnul
Zin
The Shining One
Jiyva
Lugonu

Shops:
D:5 **   D:13 *   Orc:2 *([:!

Portals:
Abyss: D:4 D:12
Trove: D:12 (give horn of Geryon)

Annotations:
Lair:5 1 runed translucent door
Swamp:4 Lernaean hydra


Innate Abilities, Weirdness & Mutations

You have a pair of large horns on your head.
You reflexively headbutt those who attack you in melee.
You have a somewhat thin skeletal structure. (Dex +2, Stealth+)
Your flesh is heat resistant. (rF+)
Your spells are a little easier to cast, but a little less powerful.


Message History

The 27-headed Lernaean hydra bites you.
* * * LOW HITPOINT WARNING * * *
The 27-headed Lernaean hydra bites you!
* * * LOW HITPOINT WARNING * * *
The 27-headed Lernaean hydra completely misses you.
The 27-headed Lernaean hydra bites you.
* * * LOW HITPOINT WARNING * * *
The 27-headed Lernaean hydra bites you but does no damage.
The swamp dragon misses you. You furiously retaliate!
You headbutt the swamp dragon!
The swamp dragon claws you but does no damage.
The swamp dragon tramples you but does no damage.
The tyrant leech is engulfed in noxious fumes.
You feel much better.
The 27-headed Lernaean hydra bites you but does no damage.
You block the 27-headed Lernaean hydra's attack. x2
The 27-headed Lernaean hydra bites you but does no damage.
You block the 27-headed Lernaean hydra's attack.
The 27-headed Lernaean hydra bites you but does no damage.
The 27-headed Lernaean hydra bites you!
* * * LOW HITPOINT WARNING * * *
You block the 27-headed Lernaean hydra's attack.
The 27-headed Lernaean hydra bites you but does no damage.
The 27-headed Lernaean hydra bites you.
* * * LOW HITPOINT WARNING * * *
The 27-headed Lernaean hydra bites you but does no damage. x2
You block the 27-headed Lernaean hydra's attack. x2
The 27-headed Lernaean hydra bites you!
* * * LOW HITPOINT WARNING * * *
The 27-headed Lernaean hydra completely misses you.
The 27-headed Lernaean hydra bites you.
* * * LOW HITPOINT WARNING * * *
You block the 27-headed Lernaean hydra's attack.
The 27-headed Lernaean hydra barely misses you.
The 27-headed Lernaean hydra bites you!
* * * LOW HITPOINT WARNING * * *
The 27-headed Lernaean hydra bites you but does no damage.
The 27-headed Lernaean hydra misses you.
The 27-headed Lernaean hydra bites you.
You die...

.≈≈≈♣.≈≈≈≈≈≈≈≈≈≈≈♣♣♣.§≈≈≈≈≈≈.....
♣♣♣≈†..≈≈≈...§......≈..≈≈§≈≈...♣♣
♣♣≈..≈..≈..♣.≈...≈≈≈.≈≈...≈≈.§♣
♣♣...≈.♣≈≈....≈.≈≈...≈♣♣.≈≈♣≈≈
♣≈≈≈≈.≈♣≈.♣§....#.≈♣♣♣♣♣≈§≈♣♣≈ ≈
♣♣.§≈≈≈.♣♣.......♣≈.♣ ♣♣≈♣♣≈≈ ≈
♣≈.≈≈≈≈≈.♣♣♣≈.#.♣≈.♣♣ ♣♣♣♣♣♣
♣..≈≈≈≈≈≈.≈♣♣....♣♣♣ ♣♣ ♣
♣♣♣[.≈≈≈≈≈≈)≈♣.@°♣♣ ♣♣.≈♣ ###
♣♣≈÷÷♣≈..≈≈≈≈≈(≈DD♣♣♣.≈#####≈≈###
.[[†≈.♣♣♣≈.≈≈≈O.w°n≈.####≈.≈# ≈≈
≈≈≈.≈≈♣♣♣♣≈≈≈.....°....#≈w.≈#≈#≈≈
≈≈≈≈≈..♣≈♣.≈≈.♣....≈≈.≈..[.§.≈≈≈(
≈≈≈≈≈♣♣..♣...≈♣..♣♣...##.≈†≈≈..≈.
≈≈.≈.♣♣♣≈♣.≈. ♣≈♣♣♣.######≈#≈#.≈#
≈.♣♣♣♣ ♣♣♣≈≈. ♣♣ ♣♣. ##≈.# ≈≈ ♣♣♣
♣♣. ≈ ♣. ≈#≈.


You could see the 27-headed Lernaean hydra, a swamp dragon (ally target), a
tyrant leech, a bog body and a friendly two-headed ogre (summoned, berserk).

Vanquished Creatures
  A thorn hunter (Swamp:4)
  Donald (Orc:2)
  A frost giant (D:12)
  2 stone giants
  3 bunyips
  Azrael (D:14)
  Snorg (D:10)
  3 eleionomae
  An ettin (Orc:2)
  A fire dragon (Lair:6)
  23 hydras
  4 ghost crabs (Swamp:2)
  2 boulder beetles
  8 vault guards (D:13)
  A spriggan air mage (Swamp:4)
  Erica (D:10)
  7 two-headed ogres
  4 alligators
  5 centaur warriors
  6 death yaks (Lair:6)
  A tengu warrior (D:15)
  An orc high priest (Orc:1)
  Nergalle (D:12)
  A fire crab (Lair:6)
  3 large abominations (Gauntlet)
  A deep troll (D:15)
  3 goliath frogs
  7 spriggan druids
  7 swamp dragons (Swamp:4)
  2 wizards
  4 bog bodies
  An orc knight (Orc:1)
  Pikel (D:4)
  An orc sorcerer (Orc:2)
  An oklob plant (Lair:2)
  2 ugly things
  6 manticores
  2 will-o-the-wisps
  11 cyclopes
  Joseph (D:7)
  14 elephants
  5 apocalypse crabs (Swamp:2)
  A guardian serpent (Lair:3)
  A smoke demon (Gauntlet)
  2 gargoyles
  7 black mambas
  Maggie (D:8)
  9 cane toads
  3 kobold demonologists
  A freezing wraith (D:15)
  3 unseen horrors
  5 rime drakes
  10 komodo dragons
  Psyche (D:8)
  3 tengu conjurers
  An ancient zyme (D:4)
  4 trolls
  3 meliai (D:14)
  A hornet (shapeshifter) (D:13)
  A polar bear (Lair:5)
  The ghost of ktje the Firebug, an amateur DrFE of Sif Muna (D:4)
  6 hornets
  Prince Ribbit (D:8)
  26 blink frogs
  4 dream sheep
  4 tyrant leeches
  8 slime creatures
  3 flying skulls (Gauntlet)
  A spriggan (shapeshifter) (D:14)
  A shadow (D:12)
  2 wraiths
  8 spriggans
  27 yaks
  2 water elementals (D:14)
  6 wyverns
  9 basilisks
  3 fire elementals (D:14)
  3 vampire mosquitoes (D:12)
  4 steam dragons
  5 wargs
  A harpy simulacrum (D:14)
  11 swamp worms
  4 acid dragons
  5 hell hounds
  21 water moccasins
  7 swamp drakes
  Duvessa (D:4)
  An ice beast (D:8)
  A meliai simulacrum (D:14)
  3 black bears
  12 orc warriors
  3 ogres
  9 wolves (Lair:2)
  14 centaurs
  A lemure (D:4)
  4 elf zombies (Ossuary)
  8 bullfrogs
  7 kobold brigands
  3 gnoll sergeants
  3 scorpions
  Dowan (D:4)
  A water moccasin zombie (D:5)
  5 wights (D:8)
  3 electric eels (D:14)
  7 small abominations
  8 howler monkeys
  2 lava snakes (Lair:6)
  2 crimson imps (Gauntlet)
  6 centaur zombies
  A bullfrog zombie (D:5)
  2 gnoll shamans
  9 hounds
  19 orc priests
  A centaur skeleton (D:7)
  2 jellies
  A bullfrog skeleton (D:5)
  5 iguanas
  Terence (D:3)
  A scorpion zombie (D:5)
  Natasha (thrice) (D:3)
  27 orc wizards
  16 hell rats
  3 hound zombies (Ossuary)
  3 mummies (Ossuary)
  Robin (D:3)
  A howler monkey skeleton (D:4)
  A howler monkey zombie (D:9)
  23 gnolls
  5 adders
  4 shadow imps (D:3)
  3 ufetubi
  5 adder zombies (Ossuary)
  A worm (D:2)
  70 orcs
  3 bats
  6 endoplasms
  5 giant cockroaches
  A gnoll zombie (Ossuary)
  16 goblins
  8 hobgoblins
  2 jackals (D:2)
  3 quokkas
  A ball python (D:1)
  3 frilled lizards
  4 goblin zombies (Ossuary)
  A hobgoblin zombie (Ossuary)
  3 jackal zombies (Ossuary)
  13 kobolds
  2 kobold zombies (Ossuary)
  2 orc zombies (Ossuary)
  2 quokka zombies (Ossuary)
  7 rats
  4 rat zombies (Ossuary)
  A lurking horror (D:12)
782 creatures vanquished.

Vanquished Creatures (collateral kills)
  A minotaur (Gauntlet)
  A bunyip (Swamp:3)
  2 ettins
  A hydra (Lair:2)
  An alligator (Swamp:3)
  Urug (D:10)
  A swamp dragon (Lair:6)
  A bog body (Swamp:3)
  A deep troll (D:15)
  A cyclops (Orc:2)
  A hornet (Swamp:4)
  A raiju (shapeshifter) (D:15)
  A spriggan (Swamp:4)
  2 orc warriors
  An orc priest (Orc:2)
  An orc wizard (Orc:2)
  5 orcs
23 creatures vanquished.

Vanquished Creatures (others)
  The ghost of octoduck the Geomancer, a journeyman GrEE of Vehumet (D:10)
  2 bloated husks (Swamp:3)
  A water elemental (D:14)
  A fire vortex (Lair:6)
  18 foxfires
  26 fungi
  A lurking horror (D:12)
  47 plants
97 creatures vanquished.

Grand Total: 902 creatures vanquished

Notes
Turn   | Place    | Note
-------+----------+-------------------------------------------
     0 | D:1      | bigjeff5 the Minotaur Berserker began the quest for the
                  | Orb.
     0 | D:1      | Reached XP level 1. HP: 19/19 MP: 0/0
     2 | D:1      | Noticed an elf
     2 | D:1      | Noticed a demonspawn
     4 | D:1      | Noticed a demigod
     4 | D:1      | Noticed a spriggan
     6 | D:1      | Noticed a djinni
     8 | D:1      | Noticed a formicid
    10 | D:1      | Noticed a troll
    10 | D:1      | Noticed a gargoyle
    12 | D:1      | Noticed a naga
    12 | D:1      | Noticed a vine stalker
    14 | D:1      | Noticed a tengu
    14 | D:1      | Noticed a draconian
    16 | D:1      | Noticed a human
    16 | D:1      | Noticed a palentonga
    18 | D:1      | Noticed a dwarf
    18 | D:1      | Noticed an ogre
    20 | D:1      | Noticed a ghoul
    20 | D:1      | Noticed a vampire
    22 | D:1      | Noticed a felid
    24 | D:1      | Noticed a barachi
    24 | D:1      | Noticed an octopode
    26 | D:1      | Noticed a minotaur
    26 | D:1      | Noticed a merfolk
   124 | D:1      | Reached XP level 2. HP: 15/26 MP: 1/1
   750 | D:1      | Found a faded altar of an unknown god.
   865 | D:2      | Reached skill level 5 in Maces & Flails
   865 | D:2      | Reached XP level 3. HP: 19/31 MP: 2/2
  1258 | D:2      | Reached XP level 4. HP: 39/39 MP: 3/3
  1435 | D:2      | Reached ** piety under Trog
  1563 | D:2      | Found an iron altar of Okawaru.
  1609 | D:3      | Found a transporter.
  1660 | D:3      | Found a transporter.
  1669 | D:3      | Noticed Terence
  1671 | D:3      | Noticed a black bear
  1699 | D:3      | Killed Terence
  1780 | D:3      | Killed a black bear
  1781 | D:3      | Reached XP level 5. HP: 41/45 MP: 4/4
  1911 | D:3      | Noticed Natasha
  1917 | D:3      | Killed Natasha
  1967 | D:3      | Reached XP level 6. HP: 44/51 MP: 5/5
  2017 | D:3      | Noticed Robin
  2023 | D:3      | Killed Robin
  2062 | D:3      | Found a broken altar of Ashenzari.
  2066 | D:3      | Noticed Natasha
  2072 | D:3      | Killed Natasha
  2218 | D:3      | Found an ornate altar of the Wu Jian Council.
  2503 | D:4      | Noticed Duvessa
  2528 | D:4      | Killed Duvessa
  2533 | D:4      | Noticed Dowan
  2540 | D:4      | Killed Dowan
  2541 | D:4      | Reached XP level 7. HP: 54/57 MP: 6/6
  2641 | D:4      | Noticed Pikel
  2650 | D:4      | Killed Pikel
  2651 | D:4      | Reached skill level 1 in Throwing
  2651 | D:4      | Reached XP level 8. HP: 53/64 MP: 7/7
  2738 | D:4      | Noticed an ancient zyme
  2777 | D:4      | Found a transporter.
  2777 | D:4      | Found a one-way gate to the infinite horrors of the Abyss.
  2786 | D:4      | Found a transporter.
  2809 | D:4      | Noticed ktje's ghost (amateur DrFE)
  3170 | D:3      | Noticed Natasha
  3173 | D:3      | Killed Natasha
  3308 | D:5      | Entered Level 5 of the Dungeon
  3322 | D:5      | Found a sand-covered staircase.
  3329 | Ossuary  | Entered an ossuary
  3346 | Ossuary  | Reached *** piety under Trog
  3521 | Ossuary  | Reached skill level 3 in Armour
  3686 | Ossuary  | Reached **** piety under Trog
  3702 | D:5      | Gained mutation: Your flesh is heat resistant. (rF+)
                  | [potion of mutation]
  3702 | D:5      | Gained mutation: You have a somewhat thin skeletal
                  | structure. (Dex +2, Stealth+) [potion of mutation]
  3702 | D:5      | Gained mutation: You have a pair of large horns on your
                  | head. [potion of mutation]
  3800 | D:5      | Reached skill level 4 in Armour
  3852 | D:5      | Reached skill level 5 in Fighting
  3996 | D:5      | Reached skill level 5 in Armour
  3996 | D:5      | Reached XP level 9. HP: 75/75 MP: 8/8
  4065 | D:5      | Found a staircase to the Ecumenical Temple.
  4133 | D:5      | Found Ziabbadi's Specific Store.
  4136 | D:5      | Found Esyd's General Store.
  4801 | D:6      | Reached skill level 5 in Dodging
  4931 | D:6      | Found a burning altar of Makhleb.
  4936 | D:6      | Reached skill level 6 in Armour
  5261 | D:7      | Noticed a cyclops
  5347 | D:7      | Killed an unseen horror
  5373 | D:7      | Noticed Joseph
  5392 | D:7      | Killed Joseph
  5393 | D:7      | Reached skill level 7 in Armour
  5437 | D:7      | You fall into a shaft and drop 3 floors!
  5437 | D:10     | Entered Level 10 of the Dungeon
  5437 | D:10     | Noticed a komodo dragon
  5464 | D:10     | Killed a komodo dragon
  5465 | D:10     | Reached XP level 10. HP: 70/88 MP: 9/9
  5571 | D:9      | Noticed a purple ugly thing
  5604 | D:8      | Reached skill level 8 in Armour
  5619 | D:8      | Noticed Psyche
  5629 | D:8      | Killed Psyche
  5696 | D:7      | Reached ***** piety under Trog
  5915 | D:7      | Found a basalt altar of Yredelemnul.
  6402 | D:7      | Killed a cyclops
  6403 | D:7      | Reached skill level 9 in Armour
  6521 | D:8      | Noticed Maggie
  6545 | D:8      | Killed Maggie
  6555 | D:8      | Noticed Prince Ribbit
  6565 | D:8      | Killed Prince Ribbit
  6597 | D:8      | You fall into a shaft and drop 1 floor!
  6607 | D:9      | Noticed a two-headed ogre
  6614 | D:9      | Killed a two-headed ogre
  6615 | D:9      | Reached skill level 10 in Fighting
  6679 | D:9      | Noticed a five-headed hydra
  6690 | D:9      | Killed a purple ugly thing
  6691 | D:9      | Reached XP level 11. HP: 81/100 MP: 10/10
  6695 | D:9      | Reached skill level 10 in Armour
  6700 | D:9      | Killed a five-headed hydra
  6743 | D:9      | Received a gift from Trog
  6900 | D:8      | Identified the +5 plate armour "Ongacyp" {Will- rCorr
                  | Str+7}
  7128 | D:8      | Found a snail-covered altar of Cheibriados.
  7208 | D:8      | Reached skill level 1 in Shields
  7745 | D:4      | Killed ktje's ghost
  7884 | D:4      | Upgraded the game from 0.27-a0-1532-gca18f49f40 to
                  | 0.27-a0-1548-gf8a67e7463
  7911 | D:5      | Bought a scroll of magic mapping for 42 gold pieces
  8024 | D:9      | Noticed a wizard
  8047 | D:9      | Found a white marble altar of Elyvilon.
  8049 | D:9      | Found a glowing golden altar of the Shining One.
  8050 | D:9      | Found a glowing silver altar of Zin.
  8105 | D:9      | Found a shimmering blue altar of Sif Muna.
  8138 | D:9      | Killed a wizard
  8139 | D:9      | Reached skill level 5 in Shields
  8370 | D:10     | Noticed Snorg
  8385 | D:10     | Killed Snorg
  8467 | D:10     | Found a runed translucent door.
  8470 | D:10     | Noticed octoduck's ghost (journeyman GrEE)
  8531 | D:10     | Noticed Urug
  8543 | D:10     | Killed Urug
  9021 | D:10     | Noticed Erica
  9033 | D:10     | Killed Erica
  9259 | D:10     | Identified the +6 spear of the Thieving Seer {drain, rPois
                  | Will+}
  9438 | D:10     | Found a staircase to the Lair.
  9594 | D:10     | Reached skill level 10 in Shields
  9602 | D:10     | Found a staircase to the Orcish Mines.
 10045 | Orc:1    | Entered Level 1 of the Orcish Mines
 10266 | Orc:1    | Noticed an orc high priest
 10347 | Orc:1    | Reached XP level 12. HP: 108/108 MP: 11/11
 10368 | Orc:1    | Killed an orc high priest
 10372 | Orc:1    | Received a gift from Trog
 10677 | Orc:2    | Entered Level 2 of the Orcish Mines
 10677 | Orc:2    | Found a staircase to the Elven Halls.
 10684 | Orc:1    | Reached skill level 5 in Throwing
 10899 | Orc:2    | Noticed a stone giant
 10933 | Orc:2    | Killed a stone giant
 11007 | Orc:2    | Found Pealeoq's Antique Armour Boutique.
 11007 | Orc:2    | Noticed an ettin
 11065 | Orc:2    | Found Plog's Book Boutique.
 11136 | Orc:2    | Found Voegesam's Distillery.
 11238 | Orc:2    | Noticed Donald
 11252 | Orc:2    | Killed Donald
 11253 | Orc:2    | Reached skill level 10 in Dodging
 11349 | Orc:2    | Bought a runed scarf for 304 gold pieces
 11352 | Orc:2    | Noticed an ettin
 11444 | Orc:1    | Killed an ettin
 11445 | Orc:1    | Reached skill level 11 in Armour
 11545 | Orc:2    | Killed an ettin
 11557 | Orc:2    | Found Jaamis's General Store.
 11569 | Orc:2    | Found Ymmebom's Antique Weapon Emporium.
 11569 | Orc:2    | Noticed an ettin
 11578 | Orc:2    | Killed an ettin
 11833 | Orc:2    | Bought a scroll of fog for 32 gold pieces
 11833 | Orc:2    | Bought a scroll of identify for 32 gold pieces
 12094 | Lair:1   | Entered Level 1 of the Lair of Beasts
 12369 | Lair:1   | Noticed an eight-headed hydra
 12375 | Lair:1   | Killed an eight-headed hydra
 12925 | Lair:2   | Reached XP level 13. HP: 117/117 MP: 12/12
 13282 | Lair:2   | Reached skill level 12 in Armour
 13319 | Lair:2   | Received a gift from Trog
 14580 | Lair:3   | Found a gate leading to a gauntlet.
 14597 | Gauntlet | Entered a Gauntlet
 14597 | Gauntlet | Found a transporter.
 14598 | Gauntlet | Found a large runed translucent door.
 14599 | Gauntlet | Found a large runed translucent door.
 14600 | Gauntlet | Found a large runed translucent door.
 14600 | Gauntlet | Found a large runed translucent door.
 14600 | Gauntlet | Found a runed translucent door.
 14600 | Gauntlet | Found a runed translucent door.
 14601 | Gauntlet | Found a large runed translucent door.
 14602 | Gauntlet | Found a large runed translucent door.
 14603 | Gauntlet | Found a large runed translucent door.
 14603 | Gauntlet | Found a large runed translucent door.
 14604 | Gauntlet | Found a large runed translucent door.
 14604 | Gauntlet | Found a large runed translucent door.
 14604 | Gauntlet | Found a large runed translucent door.
 14604 | Gauntlet | Found a large runed translucent door.
 14605 | Gauntlet | Found a large runed translucent door.
 14605 | Gauntlet | Found a large runed translucent door.
 14606 | Gauntlet | Found a large runed translucent door.
 14606 | Gauntlet | Found a transporter.
 14606 | Gauntlet | Found a large runed translucent door.
 14608 | Gauntlet | Found a transporter.
 14610 | Gauntlet | Found a transporter.
 14622 | Gauntlet | Found a runed translucent gate.
 14622 | Gauntlet | Found a runed translucent gate.
 14622 | Gauntlet | Found a runed translucent gate.
 14624 | Gauntlet | Found a transporter.
 14639 | Gauntlet | Found a transporter.
 14647 | Gauntlet | Found a transporter.
 14649 | Gauntlet | Noticed a blizzard demon
 14666 | Gauntlet | Found a transporter.
 14682 | Gauntlet | Noticed a quicksilver ooze
 14683 | Gauntlet | Found a transporter.
 14695 | Gauntlet | Found a transporter.
 14711 | Gauntlet | Found a transporter.
 14731 | Gauntlet | Found a transporter.
 14774 | Gauntlet | Found a transporter.
 14794 | Gauntlet | Found a transporter.
 14810 | Gauntlet | Found a transporter.
 14812 | Gauntlet | Found a transporter.
 14843 | Gauntlet | Found a transporter.
 14845 | Gauntlet | Found a transporter.
 15080 | Gauntlet | Reached skill level 13 in Armour
 15151 | Gauntlet | Identified the +7 plate armour of Yesterday {Dex+2}
 15151 | Gauntlet | Noticed a minotaur
 15164 | Gauntlet | Killed a minotaur
 15256 | Lair:3   | Found a staircase to the Snake Pit.
 15977 | Lair:4   | Found a staircase to the Swamp.
 17065 | Lair:5   | Reached XP level 14. HP: 127/127 MP: 13/13
 17181 | Lair:5   | Reached skill level 14 in Armour
 17197 | Lair:5   | Received a gift from Trog
 17502 | Lair:5   | Found a runed translucent door.
 17504 | Lair:5   | Found a viscous altar of Jiyva.
 17518 | Lair:5   | Noticed an acid blob
 17518 | Lair:5   | Noticed an acid blob
 17521 | Lair:5   | Found a staircase to the Slime Pits.
 17988 | Lair:6   | Entered Level 6 of the Lair of Beasts
 18324 | Lair:6   | Identified 2 scrolls of acquirement
 18338 | Lair:6   | Acquired a +2 tower shield of reflection
 18352 | Lair:6   | Acquired the ring of Beogh's Pride {rN+ MP+9 SInv}
 18606 | Lair:6   | Reached skill level 15 in Armour
 20105 | D:10     | Killed octoduck's ghost
 20265 | D:11     | Identified the +4 mace of Ileasy {flame, +Rage SInv} (Trog
                  | gifted it to you on level 11 of the Dungeon)
 20265 | D:11     | Received a gift from Trog
 21006 | D:12     | Found a corrupted altar of Lugonu.
 21265 | D:12     | Reached XP level 15. HP: 129/138 MP: 14/14
 21282 | D:12     | Noticed a frost giant
 21291 | D:12     | Killed a frost giant
 21391 | D:12     | Found a portal to a secret trove of treasure.
 21688 | D:12     | Noticed Nergalle
 21700 | D:12     | Killed Nergalle
 21701 | D:12     | Reached skill level 16 in Armour
 22480 | D:13     | Found a gate to the Vaults.
 22717 | D:13     | Received a gift from Trog
 22825 | D:13     | Found Qiesav's Neck Hole.
 22902 | D:14     | Upgraded the game from 0.27-a0-1548-gf8a67e7463 to
                  | 0.27-a0-1555-g0e7b3fb1d2
 22903 | D:14     | Noticed Azrael
 22925 | D:14     | Killed Azrael
 23885 | D:15     | Entered Level 15 of the Dungeon
 24070 | D:15     | Found a staircase to the Depths.
 24324 | D:15     | Reached skill level 15 in Fighting
 24332 | D:15     | Reached skill level 17 in Armour
 24465 | D:15     | Received a gift from Trog
 25006 | Swamp:1  | Entered Level 1 of the Swamp
 25070 | Swamp:1  | You fall into a shaft and drop 1 floor!
 25093 | Swamp:2  | Found an ornate altar of the Wu Jian Council.
 25293 | Swamp:1  | Reached XP level 16. HP: 149/149 MP: 15/15
 25762 | Swamp:2  | Reached skill level 15 in Shields
 25919 | Swamp:2  | Found a runed translucent door.
 26482 | Swamp:2  | Received a gift from Trog
 26498 | Swamp:2  | Identified the amulet of the Establishment {Spirit Str+2}
 26585 | Swamp:2  | Gained mutation: Your spells are a little easier to cast,
                  | but a little less powerful. [mutagenic glow]
 27093 | Swamp:4  | Entered Level 4 of the Swamp
 27413 | Swamp:4  | Noticed a thorn hunter
 27428 | Swamp:4  | Killed a thorn hunter
 27647 | Swamp:4  | Acquired 930 gold pieces
 27661 | Swamp:4  | Reached skill level 18 in Armour
 27685 | Swamp:4  | Noticed the 27-headed Lernaean hydra
 27704 | Swamp:4  | HP: 2/151 [the 27-headed Lernaean hydra (11)]
 27704 | Swamp:4  | Slain by the 27-headed Lernaean hydra

Illustrated notes

Levels and vault maps discovered:
D:1:      kb_arrival_jail, layout_loops_ring, ebering_ecumenical_altar_webs,
          serial_park_tiny_pond, st_stairs_8
D:2:      layout_basic, basic_altar
D:3:      gammafunk_wand_slinger, layout_loops_ring,
          mainiacjoe_overflow_small_starburst, nicolae_wu_jian_glorious_leap,
          uniq_robin, uniq_natasha, uniq_terence
D:4:      layout_basic, gammafunk_ghost_abyssal_escape, kennysheep_small_circle,
          uniq_duvessa, uniq_pikel
D:5:      layout_basic, minmay_temple_entry_slanted,
          lightli_ossuary_entry_decrepit_ruins, chequers_serial_rivers_small_b,
          nicolae_specific_store, hangedman_decor_lopped
D:6:      layout_rooms, makhleb_heckhound_becter, kennysheep_doodads,
          minmay_misc_feat_chi, st_stairs_5
D:7:      layout_basic, mainiacjoe_overflow_24_doors, kb_rosetta, uniq_joseph
D:8:      layout_basic, cheibriados_altar_1, serial_bayou_pond_d,
          serial_park_tiny_2, uniq_prince_ribbit1, uniq_psyche, uniq_maggie
D:9:      layout_cave_pools, good_gods_temple_1, nicolae_overflow_crystal_walls,
          grunt_tough_drop
D:10:     layout_loops_corners, grunt_lair_entry_orc_guard_hut,
          hiddenorc1_lemuel, ebering_ghost_funeral_grove, uniq_snorg,
          uniq_erica, uniq_urug
D:11:     kennysheep_blocky_hall, layout_gridville
D:12:     nzn_winding_woodlands_three_and_one
          [nzn_winding_woodlands_5x15_garden, nzn_winding_woodlands_5x15_eye,
          nzn_winding_woodlands_5x15_twine,
          nzn_winding_woodlands_center_diamonds], layout_irregular_city,
          enter_trove_1, amcnicky_altar_lugonu_corruption, uniq_nergalle
D:13:     layout_cave_pools, erik_vaults_2, nicolae_shop_sticking_my_neck_out
D:14:     layout_basic, uniq_azrael
D:15:     hangedman_depths_entry_civil_slaughter, layout_gridville, special_room
          [special_room_mythical_zoo]
Lair:1:   layout_long_grid
Lair:2:   layout_big_grid, st_stairs_9, minivault_27, minmay_holes,
          minmay_lair_oklob_chamber
Lair:3:   layout_regular_city, minmay_snake_entry_spellcaster,
          gauntlet_entry_generic
Lair:4:   layout_regular_city, skrybe_swamp_entry_bodies, lemuel_fruit_tree,
          serial_bayou_shore_b
Lair:5:   layout_small_grid, slime_altar_2, lemuel_fruit_fields
Lair:6:   guppyfry_lair_end_dragon, layout_gridlike, serial_bayou_shore_b
Swamp:1:  layout_basic_swamp, nicolae_swamp_decorative_isthmus,
          nicolae_swamp_little_swirl, infiniplex_staircase_pool_2
Swamp:2:  gammafunk_mikee_crab_dinner, layout_basic_swamp,
          lemuel_altar_in_water, swamp_pool1
Swamp:3:  layout_basic_swamp, nicolae_swamp_some_circles,
          infiniplex_staircase_pool
Swamp:4:  swamp_old_school, layout_basic_swamp
Orc:1:    layout_diamond_mine
Orc:2:    grunt_orc_gardens, layout_caves, grunt_orc_garden, grunt_orc_garden,
          grunt_orc_garden, grunt_orc_garden, serial_shops,
          nicolae_shop_window_shopping, uniq_donald

Skill      XL: |  1  2  3  4  5  6  7  8  9 10 11 12 13 14 15 16 |
---------------+-------------------------------------------------+-----
Maces & Flails | 4 5 6 7 8 9 11 12 | 12.0
Throwing       | 1 3 6 |  6.0
Fighting       | 5 8 10 11 12 14 15 16 | 16.2
Armour         | 5 7 9 10 11 13 15 17 18 | 18.0
Dodging        | 4 7 9 10 11 12 13 14 | 14.9
Shields        | 10 11 12 13 14 15 | 15.9

Action                   |  1- 3 |  4- 6 |  7- 9 | 10-12 | 13-15 | 16-18 || total
-------------------------+-------+-------+-------+-------+-------+-------++-------
Melee: Mace              |    81 |    69 |       |     2 |    14 |       ||   166
       Headbutt          |    12 |    16 |    61 |   166 |   483 |    98 ||   836
       Whip              |       |    20 |   305 |   661 |  1085 |       ||  2071
       Demon whip        |       |       |       |       |   300 |   346 ||   646
Throw: Dart              |       |     5 |    11 |    12 |       |       ||    28
       Javelin           |       |       |       |     9 |    58 |     2 ||    69
Invok: Berserk           |     1 |     1 |       |     8 |     4 |       ||    14
       Trog's Hand       |       |       |     1 |     2 |     7 |     2 ||    12
       Brothers in Arms  |       |       |       |     4 |     4 |     3 ||    11
Evoke: Wand              |       |       |       |       |     5 |       ||     5
  Use: Scroll            |       |       |    12 |     5 |    15 |     2 ||    34
       Potion            |       |       |     2 |     4 |     5 |     2 ||    13
 Stab: Sleeping          |       |       |     1 |       |       |     1 ||     2
       Distracted        |       |       |       |     1 |       |       ||     1
Armor: Scale mail        |     9 |    23 |    72 |    24 |       |       ||   128
       Chain mail        |    35 |    14 |       |       |       |       ||    49
       Swamp dragon scal |       |       |       |    83 |     1 |   103 ||   187
       Plate armour      |       |       |       |    47 |   414 |       ||   461
Dodge: Dodged            |    39 |    29 |    92 |   289 |   395 |   171 ||  1015
       Repelled          |       |       |       |       |     3 |       ||     3
Block: Kite shield       |       |       |       |   216 |   384 |       ||   600
       Tower shield      |       |       |       |       |   710 |   359 ||  1069
       Reflection        |       |       |       |       |    47 |     3 ||    50

Table legend: (Time is in decaauts)
 A = Elapsed time spent in this place.
 B = Non-inter-level travel time spent in this place.
 C = Inter-level travel time spent in this place.
 D = Time resting spent in this place.
 E = Time spent auto-exploring this place.
 F = Levels seen in this place.
 G = Mean time per level.
                   A        B        C        D        E       F      G
               +--------+--------+--------+--------+--------+-----+--------+
         Total |  27209 |  25407 |   1802 |   2517 |  10308 |  29 |  938.2 |
       Dungeon |  14515 |  13339 |   1176 |   1140 |   5653 |  15 |  967.7 |
          Lair |   6940 |   6508 |    432 |    559 |   3044 |   6 | 1156.7 |
         Swamp |   2805 |   2687 |    118 |    464 |   1124 |   4 |  701.2 |
  Orcish Mines |   2054 |   1978 |     76 |    327 |    486 |   2 | 1027.0 |
       Ossuary |    314 |    314 |      0 |      2 |      0 |   1 |  314.0 |
      Gauntlet |    579 |    579 |      0 |     25 |      0 |   1 |  579.0 |
               +--------+--------+--------+--------+--------+-----+--------+

Top non-repeatable levels by time:
    D:10: 2117 daAuts
  Lair:6: 1623 daAuts
  Lair:2: 1399 daAuts
   Orc:2: 1114 daAuts
    D:12: 1111 daAuts
     D:3: 1101 daAuts
  Lair:5: 1039 daAuts
     D:7: 1038 daAuts
  Lair:3: 1007 daAuts
  Lair:4: 987 daAuts
     D:4: 985 daAuts
     D:5: 977 daAuts
 Swamp:2: 956 daAuts
    D:14: 945 daAuts
   Orc:1: 940 daAuts
